 Dungeon Crawl Stone Soup version 0.26-a0-649-gf8c6c3aab7 (webtiles) character file.

Game seed: 2796866363380184224

3 Drevant2 the Sneak (level 1, 0/15 HPs)
             Began as a Naga Enchanter on Sept 26, 2020.
             Slain by a kobold (4 damage)
             ... on level 1 of the Dungeon.
             The game lasted 00:00:42 (111 turns).

Drevant2 the Sneak (Naga Enchanter)                  Turns: 111, Time: 00:00:42

Health: 0/15       AC:  1    Str: 10    XL:     1   Next: 50%
Magic:  2/3        EV: 10    Int: 15    God:
Gold:   22         SH:  0    Dex: 11    Spells: 3/4 levels left

rFire    . . .     SeeInvis +   c - +1 dagger (pain)
rCold    . . .     Faith    .   (no shield)
rNeg     . . .     Spirit   .   b - +0 robe
rPois    +         Reflect  .   (no helmet)
rElec    .         Harm     .   (no cloak)
rCorr    .         Rampage  .   (no gloves)
MR       .....                  (no barding)
Stlth    +++.......             (no amulet)
HPRegen  0.05/turn              (no ring)
MPRegen  0.08/turn              (no ring)

@: very slow
A: large, see invisible, deformed body, poison resistance, slowness 2, spit
poison 1, AC +0
a: Spit Poison


You were on level 1 of the Dungeon.
You visited 1 branch of the dungeon, and saw 1 of its levels.

You collected 22 gold pieces.

Inventory:

Hand Weapons
 a - a +1 dagger
 c - a +1 dagger of pain (weapon)
Armour
 b - a +0 robe (worn)
Potions
 d - a potion of curing {unknown}


   Skills:
 * Level 1.2 Short Blades
 - Level 1.5 Dodging
 + Level 4.5 Stealth
 - Level 2.0 Spellcasting
 + Level 3.0 Hexes


You had 3 spell levels left.
You knew the following spells:

 Your Spells              Type           Power        Failure   Level
a - Corona                Hex            ##.....      6%          1

Your spell library contained the following spells:

 Spells                   Type           Power        Failure   Level
 Ensorcelled Hibernation  Hex/Ice        #.....       19%         2
 Confusing Touch          Hex            ##......     19%         3
 Tukima's Dance           Hex            ##......     19%         3
 Dazzling Flash           Conj/Hex       #.....       34%         3


Dungeon Overview and Level Annotations

Branches:
Dungeon (1/15)

Altars:


Innate Abilities, Weirdness & Mutations

You cannot wear boots.
Your serpentine skin is tough. (AC +0)
You have supernaturally acute eyesight. (SInv)
Armour fits poorly on your strangely shaped body.
Your system is resistant to poisons. (rPois)
You cover ground very slowly.
You can spit poison.


Message History

The hobgoblin hits you.
* * * LOW HITPOINT WARNING * * *
The kobold barely misses you.
You are too injured to fight recklessly!
You are too injured to fight recklessly!
You are too injured to fight recklessly!
The kobold barely misses you.
Casting: Corona (safe; 6% risk of failure)
Confirm with . or Enter, or press ? or * to list all spells.
Aiming: Corona (safe; 6% risk of failure)
Press: ? - help, Shift-Dir - straight line, f - hobgoblin
Aim: a hobgoblin (severely wounded, chance to defeat MR: 63%)
The hobgoblin is outlined in light.
The hobgoblin closely misses you.
You hit the hobgoblin.
The hobgoblin is almost dead.
The kobold closely misses you. The hobgoblin barely misses you.
You hit the hobgoblin but do no damage.
The hobgoblin is almost dead.
The kobold hits you.
You die...

######### #.....$.#
#...)...# #.......#
######.......# ###
#...##.......# ...
#..@##.......# ...#####
#..Kg........# .......#
#............#
#......##
#......#######
........######......#
#.......)#...#......#
.......(...............
..######.....##########
.. ##....#


You could see a hobgoblin (corona) and a kobold.

Vanquished Creatures
  A goblin (D:1)
  A hobgoblin (D:1)
  A kobold (D:1)
3 creatures vanquished.

Notes
Turn   | Place    | Note
-------+----------+-------------------------------------------
     0 | D:1      | Drevant2 the Naga Enchanter began the quest for the Orb.
     0 | D:1      | Reached XP level 1. HP: 15/15 MP: 3/3
   111 | D:1      | Slain by a kobold

Illustrated notes

Levels and vault maps discovered:
D:1:      roderic_dead_forest, layout_basic

Action                   || total
-------------------------++-------
Melee: Dagger            ||    12
 Cast: Corona            ||     1
 Stab: Sleeping          ||     2
Dodge: Dodged            ||     9

Table legend: (Time is in decaauts)
 A = Elapsed time spent in this place.
 B = Non-inter-level travel time spent in this place.
 C = Inter-level travel time spent in this place.
 D = Time resting spent in this place.
 E = Time spent auto-exploring this place.
 F = Levels seen in this place.
 G = Mean time per level.
                   A        B        C        D        E       F      G
               +--------+--------+--------+--------+--------+-----+--------+
         Total |    129 |    129 |      0 |     44 |     49 |   1 |  129.0 |
       Dungeon |    129 |    129 |      0 |     44 |     49 |   1 |  129.0 |
               +--------+--------+--------+--------+--------+-----+--------+

Top non-repeatable levels by time:
     D:1: 129 daAuts
